 Dungeon Crawl Stone Soup version 0.26.1-11-gd32895ea62 (webtiles) character file.

Game seed: 1502310412002111020

3007 nothank2 the Martial Artist (level 9, 0/68 HPs)
             Began as a Gnoll Transmuter on June 24, 2021.
             Was a Believer of Nemelex Xobeh.
             Slain by a wolf (11 damage)
             ... led by Grum
             ... on level 8 of the Dungeon.
             The game lasted 00:25:21 (6090 turns).

nothank2 the Martial Artist (Gnoll Transmuter)      Turns: 6090, Time: 00:25:22

Health: 0/68       AC:  2    Str: 15    XL:     9   Next: 84%
Magic:  28/28      EV: 26    Int: 16    God:    Nemelex Xobeh [**....]
Gold:   372        SH:  0    Dex: 21    Spells: 13/21 levels left

rFire    . . .     SeeInvis .     - Unarmed
rCold    . . .     Faith    .   (shield currently unavailable)
rNeg     . . .     Spirit   .   (armour currently unavailable)
rPois    x         Reflect  .   (helmet currently unavailable)
rElec    .         Harm     .   (cloak currently unavailable)
rCorr    .         Rampage  .   (gloves currently unavailable)
Will     .....     Rnd*Tele +   (boots currently unavailable)
Stlth    +++.......             f - amulet of regeneration
HPRegen  0.61/turn              g - ring of magical power
MPRegen  0.21/turn              x - ring of teleportation (curse)

@: spider-form, studying Short Blades
A: tiny, distributed training, strong nose
a: End Transformation, Renounce Religion, Draw Escape, Draw Destruction, Draw
Summoning


You were on level 8 of the Dungeon.
You worshipped Nemelex Xobeh.
Nemelex Xobeh was pleased with you.
You were a venomous arachnid creature.
You visited 1 branch of the dungeon, and saw 8 of its levels.

You collected 372 gold pieces.

Inventory:

Hand Weapons
 m - a +2 spear of venom
 w - a +0 mace of protection
 D - a +0 morningstar
 E - a +2 dagger of venom (melded)
Armour
 a - a +1 robe
 H - +0 steam dragon scales (melded)
Magical Staves
 s - an uncursed staff of air
Jewellery
 f - an amulet of regeneration (around neck)
 g - a ring of magical power (left front leg)
 j - an uncursed ring of see invisible
 x - a cursed ring of teleportation (right front leg)
 F - an uncursed amulet of the acrobat {unknown}
Wands
 n - a wand of flame (24)
 u - a wand of digging (13)
 y - a wand of iceblast (6)
 G - a wand of enslavement (11)
Scrolls
 b - 9 scrolls of identify
 d - 2 scrolls of fear
 e - 4 scrolls of teleportation
 i - 2 scrolls of amnesia
 k - 3 scrolls of fog
 p - a scroll of blinking
 q - a scroll of enchant armour
Potions
 c - 2 potions of curing
 h - a potion of invisibility {unknown}
 l - a potion of magic
 r - 2 potions of brilliance
 t - a potion of flight
 v - a potion of cancellation {unknown}
 z - a potion of haste
 A - a potion of heal wounds {unknown}
 B - a potion of might {unknown}
 C - a potion of attraction {unknown}
 I - a potion of degeneration {unknown}
Books
 o - a manual of Short Blades


   Skills:
 + Level 5.3 Fighting
 + Level 5.6 Short Blades
 + Level 4.6 Long Blades
 + Level 4.6 Axes
 + Level 4.6 Maces & Flails
 + Level 4.6 Polearms
 + Level 4.6 Staves
 + Level 4.6 Slings
 + Level 4.6 Bows
 + Level 4.6 Crossbows
 + Level 4.6 Throwing
 + Level 4.6 Armour
 + Level 6.6 Dodging
 + Level 4.6 Stealth
 + Level 4.6 Shields
 + Level 8.1 Unarmed Combat
 + Level 6.9 Spellcasting
 + Level 3.8 Conjurations
 + Level 3.8 Hexes
 + Level 3.8 Summonings
 + Level 3.8 Necromancy
 + Level 3.8 Translocations
 + Level 5.4 Transmutations
 + Level 3.8 Fire Magic
 + Level 3.8 Ice Magic
 + Level 3.8 Air Magic
 + Level 3.8 Earth Magic
 + Level 3.8 Poison Magic
 + Level 5.1 Invocations
 + Level 4.6 Evocations


You had 13 spell levels left.
You knew the following spells:

 Your Spells              Type           Power        Failure   Level
a - Beastly Appendage     Tmut           46%          6%          1
b - Spider Form           Tmut/Pois      10%          16%         3
c - Ice Form              Ice/Tmut       20%          38%         4

Your spell library contained the following spells:

 Spells                   Type           Power        Failure   Level
 Wereblood                Tmut           23%          8%          2
 Confusing Touch          Hex            17%          21%         3
 Gell's Gravitas          Tloc           8%           21%         3
 Petrify                  Tmut/Erth      20%          38%         4
 Blade Hands              Tmut           11%          58%         5
 Yara's Violent Unravell  Hex/Tmut       10%          67%         5
 Metabolic Englaciation   Hex/Ice        8%           78%         5


Dungeon Overview and Level Annotations

Branches:
Dungeon (8/15)             Temple (0/1) D:6
   Lair: D:8-11

Altars:
Cheibriados
Elyvilon
Fedhas
Gozag
Hepliaklqana
Nemelex Xobeh
Qazlal
Wu Jian
Zin
The Shining One

Annotations:
D:8 Maurice


Innate Abilities, Weirdness & Mutations

Your experience applies equally to all skills.
((You have very sharp teeth.))
Your uncanny sense of smell can sniff out nearby items.


Message History

The wolf is moderately wounded.
The wolf completely misses you. x2; The yak closely misses you.
The wolf closely misses you.
You hit the wolf but do no damage.
The wolf is poisoned.
The wolf completely misses you. x3; The yak completely misses you.
The wolf bites you.
* * * LOW HITPOINT WARNING * * *
The wolf misses you.
The wolf completely misses you. x2; The wolf misses you.
You kill the wolf!
The wolf misses you.
Found 28 stones.
The wolf completely misses you. The wolf bites you.
* * * LOW HITPOINT WARNING * * *
The wolf barely misses you.
The wolf looks more healthy.
The wolf bites you.
* * * LOW HITPOINT WARNING * * *
The wolf bites you!
You die...
Your body glows slightly and disappears.

...# ............
.########.... #
..... #.##
###..Z#+#
).....).##
.........######
..........h...#
........Yhhs..#
##.?...........)...
########......###.
#......# (.....##
#.##+### #. ##


You could see a yak (very poisoned), 3 wolves and a water moccasin skeleton
(wandering).

Vanquished Creatures
  Maggie (D:7)
  2 yaks (D:7)
  Grum (D:8)
  Eustachio (D:4)
  Menkaure (D:4)
  A sky beast (D:4)
  An ogre (D:4)
  An orc warrior (D:5)
  4 ice beasts
  2 phantoms
  A wolf (D:8)
  A bullfrog (D:6)
  3 scorpions
  A howler monkey (D:6)
  A hound (D:6)
  A bullfrog zombie (D:5)
  2 orc priests (D:4)
  A jelly (D:8)
  A bullfrog skeleton (D:5)
  4 orc wizards
  An iguana (D:7)
  Ijyb (D:4)
  5 worker ants
  A hound skeleton (D:4)
  9 gnolls
  12 adders
  A shadow imp (D:5)
  3 white imps
  An ufetubus (D:5)
  3 oozes
  An adder skeleton (D:6)
  6 dart slugs
  7 leopard geckos
  23 orcs
  5 giant cockroaches
  8 goblins
  16 hobgoblins
  14 jackals
  13 kobolds
  3 quokkas
  2 ball pythons
  6 bats
  6 frilled lizards
  A jackal zombie (D:7)
  2 quokka zombies
  13 rats
194 creatures vanquished.

Notes
Turn   | Place    | Note
-------+----------+-------------------------------------------
     0 | D:1      | nothank2 the Gnoll Transmuter began the quest for the Orb.
     0 | D:1      | Reached XP level 1. HP: 17/17 MP: 6/6
   250 | D:1      | Reached XP level 2. HP: 22/23 MP: 7/7
   659 | D:1      | Reached skill level 5 in Spellcasting
   659 | D:1      | Reached XP level 3. HP: 28/28 MP: 9/9
   812 | D:1      | Reached skill level 1 in Invocations
  1146 | D:2      | Reached skill level 1 in Short Blades
  1146 | D:2      | Reached skill level 1 in Long Blades
  1146 | D:2      | Reached skill level 1 in Axes
  1146 | D:2      | Reached skill level 1 in Maces & Flails
  1146 | D:2      | Reached skill level 1 in Polearms
  1146 | D:2      | Reached skill level 1 in Staves
  1146 | D:2      | Reached skill level 1 in Slings
  1146 | D:2      | Reached skill level 1 in Bows
  1146 | D:2      | Reached skill level 1 in Crossbows
  1146 | D:2      | Reached skill level 1 in Throwing
  1146 | D:2      | Reached skill level 1 in Armour
  1146 | D:2      | Reached skill level 1 in Stealth
  1146 | D:2      | Reached skill level 1 in Shields
  1146 | D:2      | Reached skill level 1 in Evocations
  1190 | D:2      | Found an opulent altar of Gozag.
  1215 | D:2      | Found a glowing silver altar of Zin.
  1276 | D:2      | Noticed a scorpion
  1313 | D:2      | Killed a scorpion
  1314 | D:2      | Reached skill level 1 in Conjurations
  1314 | D:2      | Reached skill level 1 in Hexes
  1314 | D:2      | Reached skill level 1 in Summonings
  1314 | D:2      | Reached skill level 1 in Necromancy
  1314 | D:2      | Reached skill level 1 in Translocations
  1314 | D:2      | Reached skill level 1 in Fire Magic
  1314 | D:2      | Reached skill level 1 in Ice Magic
  1314 | D:2      | Reached skill level 1 in Air Magic
  1314 | D:2      | Reached skill level 1 in Earth Magic
  1314 | D:2      | Reached skill level 1 in Poison Magic
  1314 | D:2      | Reached XP level 4. HP: 18/34 MP: 11/11
  1411 | D:2      | Reached XP level 5. HP: 33/40 MP: 12/12
  1590 | D:2      | Found a faded altar of an unknown god.
  1735 | D:2      | Found an ornate altar of the Wu Jian Council.
  1903 | D:2      | Found a glowing golden altar of the Shining One.
  2700 | D:3      | Reached XP level 6. HP: 47/47 MP: 13/13
  2775 | D:3      | Found a stormy altar of Qazlal.
  2859 | D:3      | Found a white marble altar of Elyvilon.
  2961 | D:3      | Found a snail-covered altar of Cheibriados.
  3037 | D:4      | Noticed a sky beast
  3049 | D:4      | Killed a sky beast
  3050 | D:4      | Reached skill level 5 in Dodging
  3127 | D:4      | Learned a level 3 spell: Spider Form
  3141 | D:4      | Reached XP level 7. HP: 25/52 MP: 15/15
  3167 | D:4      | Reached skill level 7 in Unarmed Combat
  3202 | D:4      | Noticed Ijyb
  3214 | D:4      | Killed Ijyb
  3242 | D:4      | Found a sparkling altar of Nemelex Xobeh.
  3270 | D:4      | Found a hazy altar of Hepliaklqana.
  3350 | D:4      | Became a worshipper of Nemelex Xobeh the Trickster
  3373 | D:4      | Noticed Menkaure
  3387 | D:4      | Killed Menkaure
  3467 | D:4      | Found a blossoming altar of Fedhas.
  3540 | D:4      | Noticed Eustachio
  3607 | D:4      | Killed Eustachio
  3608 | D:4      | Reached XP level 8. HP: 43/60 MP: 16/16
  3782 | D:5      | Entered Level 5 of the Dungeon
  4267 | D:5      | Reached * piety under Nemelex Xobeh
  4640 | D:5      | Reached XP level 9. HP: 63/66 MP: 18/18
  4736 | D:6      | Learned a level 4 spell: Ice Form
  4752 | D:6      | Reached skill level 5 in Transmutations
  5033 | D:6      | Found a staircase to the Ecumenical Temple.
  5137 | D:6      | Received a gift from Nemelex Xobeh
  5674 | D:7      | Reached ** piety under Nemelex Xobeh
  5785 | D:7      | Noticed Maggie
  5808 | D:7      | Killed Maggie
  5809 | D:7      | Reached skill level 5 in Fighting
  5915 | D:7      | Reached skill level 5 in Short Blades
  5923 | D:7      | Reached skill level 8 in Unarmed Combat
  5948 | D:8      | Noticed Grum
  6006 | D:8      | Noticed Maurice
  6020 | D:8      | Reached skill level 5 in Invocations
  6080 | D:8      | Killed Grum
  6090 | D:8      | Slain by a wolf

Illustrated notes

Levels and vault maps discovered:
D:1:      saegor_arrival_simple_b, layout_basic, minmay_3d_cube
D:2:      layout_rooms, pdpol_temple_overflow_zin_treasury_gozag_greed,
          nicolae_overflow_hidden_temple,
          chequers_ecumenical_altar_simple_redux, tso_altar
D:3:      minmay_razor_zed, layout_basic, elyvilon_altar_1,
          grunt_qazlal_sundering, kennysheep_slug_shrine, serial_bayou_ford_a
D:4:      layout_rooms, minitemple, overflow_temple_1_default, corexii_shack,
          solitary_fountain, uniq_ijyb, uniq_eustachio, uniq_menkaure
D:5:      layout_basic, serial_corexii_hall, corexii_hall_statues_t,
          chequers_hall_statues_y, chequers_hall_statues_corner_a,
          corexii_hall_statues_u, minmay_manual_mess
D:6:      layout_basic, temple_statues
D:7:      layout_loops_ring, minivault_25, uniq_maggie
D:8:      layout_basic, marbit_many_paths, serial_shops, shop_statue,
          basic_altar, enter_bailey_2, uniq_psyche, uniq_grum, uniq_maurice

Skill      XL: |  1  2  3  4  5  6  7  8  9 |
---------------+----------------------------+-----
Spellcasting   | 5 6 |  6.9
Invocations    | 1 2 3 4 5 |  5.1
Short Blades   | 1 2 4 5 |  5.6
Long Blades    | 1 2 3 4 |  4.6
Axes           | 1 2 3 4 |  4.6
Maces & Flails | 1 2 3 4 |  4.6
Polearms       | 1 2 3 4 |  4.6
Staves         | 1 2 3 4 |  4.6
Slings         | 1 2 3 4 |  4.6
Bows           | 1 2 3 4 |  4.6
Crossbows      | 1 2 3 4 |  4.6
Throwing       | 1 2 3 4 |  4.6
Armour         | 1 2 3 4 |  4.6
Stealth        | 1 2 3 4 |  4.6
Shields        | 1 2 3 4 |  4.6
Evocations     | 1 2 3 4 |  4.6
Conjurations   | 1 2 3 |  3.8
Hexes          | 1 2 3 |  3.8
Summonings     | 1 2 3 |  3.8
Necromancy     | 1 2 3 |  3.8
Translocations | 1 2 3 |  3.8
Fire Magic     | 1 2 3 |  3.8
Ice Magic      | 1 2 3 |  3.8
Air Magic      | 1 2 3 |  3.8
Earth Magic    | 1 2 3 |  3.8
Poison Magic   | 1 2 3 |  3.8
Fighting       | 3 4 5 |  5.3
Transmutations | 4 5 |  5.4
Dodging        | 5 6 |  6.6
Unarmed Combat | 7 8 |  8.1

Action                   |  1- 3 |  4- 6 |  7- 9 || total
-------------------------+-------+-------+-------++-------
Melee: Unarmed           |    72 |    71 |   270 ||   413
       Kick              |    10 |    32 |     1 ||    43
       Headbutt          |     8 |    16 |     1 ||    25
       Bite              |     6 |    10 |     5 ||    21
       Punch             |     3 |       |     1 ||     4
       Rapier            |       |    84 |       ||    84
       Staff             |       |    21 |     3 ||    24
       Mace              |       |       |    14 ||    14
       Dagger            |       |       |     7 ||     7
 Cast: Beastly Appendage |    12 |    23 |     1 ||    36
       Spider Form       |       |     1 |    36 ||    37
Invok: Draw Destruction  |       |       |     3 ||     3
       Draw Escape       |       |       |     1 ||     1
Evoke: Wand              |     1 |       |       ||     1
  Use: Scroll            |     4 |       |     9 ||    13
 Stab: Sleeping          |       |     9 |     6 ||    15
       Distracted        |       |     1 |       ||     1
Armor: Robe              |     4 |    32 |     7 ||    43
       Skin              |       |       |    11 ||    11
       Steam dragon scal |       |       |     1 ||     1
Dodge: Dodged            |    48 |   148 |   345 ||   541
